 Dungeon Crawl Stone Soup version 0.29-a0-838-g385bb11a5b (webtiles) character file.

Game seed: 15787902736368822997

111 LynnLen the Sneak (level 4, 0/25 HPs)
             Began as a Vampire Enchanter on July 14, 2022.
             Slain by an orc
             ... wielding a +0 club
              (5 damage)
             ... on level 3 of the Dungeon.
             The game lasted 00:04:59 (2260 turns).

LynnLen the Sneak (Vampire Enchanter)               Turns: 2260, Time: 00:05:00

Health: 0/25       AC:  5    Str:  7    XL:     4   Next: 62%
Magic:  7/7        EV: 12    Int: 17    God:
Gold:   138        SH:  0    Dex: 16    Spells: 1/7 levels left

rFire   . . .      SeeInvis +   a - +1 dagger (spect)
rCold   + + .      Faith    .   (no shield)
rNeg    + + +      Spirit   .   b - +0 robe
rPois   ∞          Reflect  .   e - +2 helmet
rElec   .          Harm     .   (no cloak)
rCorr   .          Rampage  .   (no gloves)
Will    .....                   (no boots)
Stlth   +++++.....              (no amulet)
HPRegen 0.00/turn               (no ring)
MPRegen 0.10/turn               (no ring)

@: about to teleport, bloodless, inhibited regen
A: bloodless, fangs 3, see invisible, vampiric 2
a: Bat Form, Revivify


You were on level 3 of the Dungeon.
You visited 1 branch of the dungeon, and saw 3 of its levels.

You collected 138 gold pieces.

Inventory:

Hand Weapons
 a - a +1 spectral dagger (weapon)
Missiles
 h - 14 stones
 m - 5 boomerangs (quivered)
Armour
 b - a +0 robe (worn)
 e - a +2 helmet (worn)
Jewellery
 l - an amulet of faith
Scrolls
 d - a scroll of poison
 f - a scroll of magic mapping
Potions
 c - 2 potions of invisibility
 g - a potion of curing
 i - 2 potions of resistance {unknown}
 j - 2 potions of mutation {unknown}
 k - a potion of degeneration {unknown}
 n - a potion of haste {unknown}
 o - a potion of might {unknown}
 p - 2 potions of heal wounds {unknown}


   Skills:
 * Level 1.2 Fighting
 * Level 3.1 Short Blades
 + Level 2.4 Dodging
 + Level 6.3 Stealth
 - Level 2.0 Spellcasting
 - Level 4.4 Hexes


You had one spell level left.
You knew the following spells:

 Your Spells              Type           Power      Damage    Failure   Level
a - Confusing Touch       Hex            16%        N/A       10%         3
b - Tukima's Dance        Hex            16%        N/A       10%         3

Your spell library contained the following spells:

 Spells                   Type           Power      Damage    Failure   Level
 Ensorcelled Hibernation  Hex/Ice        18%        N/A       12%         2
 Dazzling Flash           Conj/Hex       18%        N/A       24%         3


Dungeon Overview and Level Annotations

Branches:
Dungeon (3/15)

Altars:
Okawaru
Yredelemnul


Innate Abilities, Weirdness & Mutations

You do not regenerate when monsters are visible.
You are frail without blood (-20% HP).
You can heal yourself when you bite living creatures.
You are immune to poison.
You have razor-sharp teeth.
You have supernaturally acute eyesight. (SInv)
You are afflicted with vampirism and can become a bat while bloodless.


Message History

You miss the orc wizard.
The orc wizard is heavily wounded.
The orc wizard closely misses you. The orc hits you with a +0 club.
* * * LOW HITPOINT WARNING * * *
You hit the orc wizard. You bite the orc wizard.
You draw the orc wizard's blood!
You feel better.
The orc wizard is severely wounded.
The orc wizard barely misses you. The orc hits you but does no damage.
You hit the orc wizard. Your bite misses the orc wizard.
The orc wizard is almost dead.
The orc wizard casts a spell.
The orc wizard flickers and vanishes for a moment.
The orc misses you.
An orc comes into view. It is wielding a +0 club.
You hit the orc wizard.
The orc wizard is almost dead.
The orc hits you but does no damage.
The orc wizard hits you but does no damage.
You closely miss the orc wizard.
You bite the orc wizard, but do no damage.
The orc wizard is almost dead.
You closely miss the orc wizard.
The orc wizard is almost dead.
The orc barely misses you. The orc wizard closely misses you.
You hit the orc wizard but do no damage.
The orc wizard is almost dead.
You hit the orc wizard.
You kill the orc wizard!
The orc hits you with a +0 club.
* * * LOW HITPOINT WARNING * * *
Your Short Blades skill increases to level 3!
Unknown command.
Okay, then.
As you read the scroll of teleportation, it crumbles to dust.
You feel strangely unstable. The orc attacks as you move away!
The orc hits you but does no damage.
Things that are here:
a +0 flail; a +0 dagger; 2 boomerangs The orc attacks as you move away!
The orc hits you with a +0 club.
You die...

# #.# .# #.
###o####.#
#.##..o.....#
#.......##..#
#...........######
#..>..............
##.#)#####....###
#.#####.##)##
#)oo@...#...##
#.######†###.##
#.#####.## ##.#
#.......# #.#
#######.# ##.#
##.###.####...
#...........
##o######..# #.#


You could see 2 orcs.

Vanquished Creatures
  An orc wizard (D:3)
  3 adders
  2 worms (D:2)
  3 dart slugs
  4 orcs (D:3)
  An endoplasm (D:1)
  3 giant cockroaches
  3 goblins
  5 hobgoblins
  3 jackals (D:3)
  A quokka (D:3)
  4 ball pythons
  4 bats
  4 frilled lizards
  3 kobolds
  3 rats
47 creatures vanquished.

Notes
Turn   | Place    | Note
-------+----------+-------------------------------------------
     0 | D:1      | LynnLen the Vampire Enchanter began the quest for the Orb.
     0 | D:1      | Reached XP level 1. HP: 13/13 MP: 3/3
   240 | D:1      | Reached XP level 2. HP: 16/16 MP: 5/5
   274 | D:1      | Reached skill level 5 in Stealth
  1463 | D:2      | Gained mutation: You are afflicted with vampirism and can
                  | become a bat while bloodless. [Vampire growth]
  1463 | D:2      | Reached XP level 3. HP: 20/20 MP: 6/6
  1583 | D:2      | Found a faded altar of an unknown god.
  1733 | D:2      | Found a basalt altar of Yredelemnul.
  1857 | D:2      | Reached skill level 1 in Fighting
  2062 | D:3      | Found a faded altar of an unknown god.
  2067 | D:3      | Found an iron altar of Okawaru.
  2071 | D:3      | Reached skill level 6 in Stealth
  2071 | D:3      | Reached XP level 4. HP: 25/25 MP: 7/7
  2176 | D:3      | Learned a level 3 spell: Confusing Touch
  2180 | D:3      | Learned a level 3 spell: Tukima's Dance
  2260 | D:3      | Slain by an orc

Illustrated notes

Levels and vault maps discovered:
D:1:      psy_arrival_radial01, layout_loops_ring, minmay_misc_feat_square
D:2:      layout_loops_corners, basic_altar, nicolae_ecumenical_pavilion
D:3:      gammafunk_wand_slinger, layout_loops_ring, lemuel_round_altar,
          lemuel_round_altar, nicolae_overflow_ecumenical_swirl,
          item_on_display_b

Skill      XL: |  1  2  3  4 |
---------------+-------------+-----
Stealth        | 5 6 |  6.3
Short Blades   | 2 3 |  3.1
Fighting       | 1 |  1.2
Dodging        | |  2.4
Spellcasting   | |  2.0
Hexes          | |  4.4

Action                   |  1- 3 |  4- 6 || total
-------------------------+-------+-------++-------
Melee: Dagger            |    63 |    48 ||   111
       Bite              |     7 |     7 ||    14
       Punch             |     1 |       ||     1
Throw: Boomerang         |     3 |     1 ||     4
 Abil: Exsanguinate      |     1 |       ||     1
  Use: Scroll            |     7 |     1 ||     8
 Stab: Sleeping          |    21 |     1 ||    22
Armor: Robe              |     7 |     9 ||    16
Dodge: Dodged            |    20 |    27 ||    47

Table legend: (Time is in decaauts)
 A = Elapsed time spent in this place.
 B = Non-inter-level travel time spent in this place.
 C = Inter-level travel time spent in this place.
 D = Time resting spent in this place.
 E = Time spent auto-exploring this place.
 F = Levels seen in this place.
 G = Mean time per level.
                   A        B        C        D        E       F      G
               +--------+--------+--------+--------+--------+-----+--------+
         Total |   2248 |   2234 |     14 |    100 |   1593 |   3 |  749.3 |
       Dungeon |   2248 |   2234 |     14 |    100 |   1593 |   3 |  749.3 |
               +--------+--------+--------+--------+--------+-----+--------+

Top non-repeatable levels by time:
     D:1: 1105 daAuts
     D:2: 909 daAuts
     D:3: 233 daAuts
